| TOP OF THE 1ST |
|
Texas Rangers batting - Pitching for Baltimore Orioles : RHP Andrew Castillo
|
|
Pitching: RHP Andrew Castillo
|
|
|
Batting: SHB Ron Roenicke
|
0-0: Ball 1-0: Foul Ball, location: 2F 1-1: Foul Ball, location: 2F 1-2: Ball 2-2: Foul Ball, location: 2F 2-2: Foul Ball, location: 2F 2-2: Ground out U3 (Groundball, 34, EV 86.9 MPH)
|
|
Batting: LHB Lenny Dykstra
|
0-0: Foul Ball, location: 2F 0-1: Ball 1-1: Swinging Strike 1-2: SINGLE (Groundball, 3D, EV 99.4 MPH)
|
|
Batting: RHB Juan Samuel
|
0-0: Foul Ball, location: 2F 0-1: Ball 1-1: Called Strike 1-2: Fly out, F8 (Flyball, 78D, EV 74.4 MPH)
|
|
Batting: RHB Steve Garvey
|
0-0: Ball Lenny Dykstra steals 2nd base 1-0: Foul Ball, location: 2F 1-1: Ball 2-1: Swinging Strike 2-2: Foul Ball, location: 2F 2-2: Strikes out swinging
|
| Top of the 1st over - 0 runs, 1 hit, 0 errors, 1 left on base; Texas 0 - Baltimore 0 |
| BOTTOM OF THE 1ST |
|
Baltimore Orioles batting - Pitching for Texas Rangers : RHP Catfish Hunter
|
|
Pitching: RHP Catfish Hunter
|
|
|
Batting: SHB Willie McGee
|
0-0: Ball 1-0: Ball 2-0: Fly out, F8 (Flyball, 8RS, EV 74.4 MPH)
|
|
Batting: SHB Johnny Ray
|
0-0: Called Strike 0-1: Ball 1-1: Ball 2-1: Called Strike 2-2: Fly out, F7 (Flyball, 78D, EV 84.4 MPH)
|
|
Batting: LHB Dave Parker
|
0-0: Ball 1-0: Ball 2-0: Ball 3-0: Fly out, F7 (Flyball, 7, EV 87.5 MPH)
|
| Bottom of the 1st over - 0 runs, 0 hits, 0 errors, 0 left on base; Texas 0 - Baltimore 0 |
| TOP OF THE 2ND |
|
Texas Rangers batting - Pitching for Baltimore Orioles : RHP Andrew Castillo
|
|
Batting: LHB Jody Helser
|
0-0: Called Strike 0-1: Ball 1-1: Foul Ball, location: 2F 1-2: Ground out 5-3 (Groundball, 25, EV 85.6 MPH)
|
|
Batting: RHB Rich Dauer
|
0-0: Ground out 6-3 (Groundball, 6, EV 99.4 MPH)
|
|
Batting: LHB Dallas Williams
|
0-0: Called Strike 0-1: Foul Ball, location: 2F 0-2: Ball 1-2: Strikes out swinging
|
| Top of the 2nd over - 0 runs, 0 hits, 0 errors, 0 left on base; Texas 0 - Baltimore 0 |
| BOTTOM OF THE 2ND |
|
Baltimore Orioles batting - Pitching for Texas Rangers : RHP Catfish Hunter
|
|
Batting: LHB Fred Lynn
|
0-0: Foul Ball, location: 2F 0-1: SINGLE (Line Drive, 78S, EV 101.9 MPH)
|
|
Batting: SHB Steve R Ontiveros
|
0-0: Called Strike 0-1: Foul Ball, location: 2F 0-2: 2-RUN HOME RUN (Flyball, 9D, EV 110.6 MPH), Distance : 402 ft
|
|
Batting: SHB Mike Hart
|
0-0: Ball 1-0: Called Strike 1-1: Ball 2-1: Swinging Strike 2-2: Ball 3-2: Base on Balls
|
|
Batting: RHB Matt Rice
|
0-0: Called Strike 0-1: Ball 1-1: Ball 2-1: Grounds into double play, 6-4-3 (Groundball, 6, EV 106.9 MPH)
|
|
Batting: RHB Dennis Werth
|
0-0: Ball 1-0: Swinging Strike 1-1: Swinging Strike 1-2: Ball 2-2: Ball 3-2: SINGLE (Line Drive, 5D, EV 98.8 MPH)
|
|
Batting: RHB Garth Iorg
|
0-0: Ball 1-0: Called Strike 1-1: Called Strike 1-2: Fly out, F9 (Flyball, 9S, EV 90.0 MPH)
|
| Bottom of the 2nd over - 2 runs, 3 hits, 0 errors, 1 left on base; Texas 0 - Baltimore 2 |
| TOP OF THE 3RD |
|
Texas Rangers batting - Pitching for Baltimore Orioles : RHP Andrew Castillo
|
|
Batting: RHB Juan Rodriguez
|
0-0: Ball 1-0: Called Strike 1-1: Ball 2-1: Foul Ball, location: 2F 2-2: SINGLE (Line Drive, 89S, EV 112.5 MPH)
|
|
Batting: LHB Ernie Whitt
|
0-0: Called Strike 0-1: Ground out 4-3 (Groundball, 4M, EV 102.5 MPH) Juan Rodriguez to second
|
|
Batting: SHB Ron Roenicke
|
0-0: Fly out, F9 (Flyball, 9D, EV 87.5 MPH) Runner from 2nd tags up, SAFE at 3rd, no throw by RF
|
|
Batting: LHB Lenny Dykstra
|
0-0: Foul Ball, location: 2F 0-1: Foul Ball, location: 2F 0-2: Ball 1-2: Strikes out swinging
|
| Top of the 3rd over - 0 runs, 1 hit, 0 errors, 1 left on base; Texas 0 - Baltimore 2 |
| BOTTOM OF THE 3RD |
|
Baltimore Orioles batting - Pitching for Texas Rangers : RHP Catfish Hunter
|
|
Batting: SHB Willie McGee
|
0-0: Ball 1-0: Ball 2-0: Bunt for hit to P - play at first, batter safe!
|
|
Batting: SHB Johnny Ray
|
0-0: Ball Willie McGee steals 2nd base (no throw) 1-0: Fly out, F4 (Line Drive, 4, EV 63.8 MPH)
|
|
Batting: LHB Dave Parker
|
0-0: Called Strike 0-1: Foul Ball, location: 2F 0-2: SINGLE (Line Drive, 9LS, EV 103.8 MPH) Willie McGee to third Runner from 3rd tries for Home, throw by RF and OUT! 9-2 Dave Parker to second
|
|
Batting: LHB Fred Lynn
|
0-0: Foul Ball, location: 2F 0-1: Ball 1-1: Foul Ball, location: 2F 1-2: Ball 2-2: Ball 3-2: SINGLE (Line Drive, 3D, EV 98.8 MPH) Dave Parker to third Dave Parker scores
|
|
Batting: SHB Steve R Ontiveros
|
0-0: Ball 1-0: Fielders Choice at 2nd, 5-4 (Groundball, 5, EV 100.0 MPH)
|
| Bottom of the 3rd over - 1 run, 3 hits, 0 errors, 1 left on base; Texas 0 - Baltimore 3 |
| TOP OF THE 4TH |
|
Texas Rangers batting - Pitching for Baltimore Orioles : RHP Andrew Castillo
|
|
Batting: RHB Juan Samuel
|
0-0: SOLO HOME RUN (Flyball, 78XD, EV 98.8 MPH), Distance : 443 ft
|
|
Batting: RHB Steve Garvey
|
0-0: Fly out, F8 (Flyball, 89M, EV 82.5 MPH)
|
|
Batting: LHB Jody Helser
|
0-0: Ball 1-0: Ball 2-0: Swinging Strike 2-1: Foul Ball, location: 2F 2-2: Foul Ball, location: 2F 2-2: Ball 3-2: Reached on error, E4 (Groundball, 4, EV 96.9 MPH)
|
|
Batting: RHB Rich Dauer
|
0-0: Fly out, F8 (Flyball, 8RS, EV 91.9 MPH)
|
|
Batting: LHB Dallas Williams
|
0-0: Ball 1-0: Ball 2-0: Foul Ball, location: 2F 2-1: Ground out 4-3 (Groundball, 4, EV 105.0 MPH)
|
| Top of the 4th over - 1 run, 1 hit, 1 error, 1 left on base; Texas 1 - Baltimore 3 |
| BOTTOM OF THE 4TH |
|
Baltimore Orioles batting - Pitching for Texas Rangers : RHP Catfish Hunter
|
|
Batting: SHB Mike Hart
|
0-0: Ball 1-0: Ball 2-0: Ball 3-0: Called Strike 3-1: Base on Balls
|
|
Batting: RHB Matt Rice
|
0-0: Ball 1-0: Foul Ball, location: 2F 1-1: Sac Bunt to 2L - play at first, batter OUT! 2-3 Mike Hart to second
|
|
Batting: RHB Dennis Werth
|
0-0: Called Strike 0-1: Swinging Strike 0-2: Strikes out swinging
|
|
Batting: RHB Garth Iorg
|
0-0: Called Strike 0-1: Foul Ball, location: 2F 0-2: Foul Ball, location: 2F 0-2: Ground out 5-3 (Groundball, 5, EV 77.5 MPH)
|
| Bottom of the 4th over - 0 runs, 0 hits, 0 errors, 1 left on base; Texas 1 - Baltimore 3 |
| TOP OF THE 5TH |
|
Texas Rangers batting - Pitching for Baltimore Orioles : RHP Andrew Castillo
|
|
Pitching: LHP Dave LaRoche
|
|
|
Batting: RHB Juan Rodriguez
|
0-0: Swinging Strike 0-1: Called Strike 0-2: Strikes out swinging
|
|
Batting: LHB Ernie Whitt
|
0-0: Ball 1-0: Swinging Strike 1-1: Ball 2-1: Called Strike 2-2: Strikes out swinging
|
|
Batting: SHB Ron Roenicke
|
0-0: Ball 1-0: Called Strike 1-1: Ball 2-1: Foul Ball, location: 2F 2-2: Ground out 6-3 (Groundball, 6S, EV 85.6 MPH)
|
| Top of the 5th over - 0 runs, 0 hits, 0 errors, 0 left on base; Texas 1 - Baltimore 3 |
| BOTTOM OF THE 5TH |
|
Baltimore Orioles batting - Pitching for Texas Rangers : RHP Catfish Hunter
|
|
Pitching: RHP Tim Leary
|
|
|
Batting: SHB Willie McGee
|
0-0: Foul Ball, location: 2F 0-1: Ball 1-1: Ball 2-1: Ball 3-1: Base on Balls
|
|
Batting: SHB Johnny Ray
|
0-0: Ball 1-0: Called Strike Willie McGee steals 2nd base 1-1: Ground out 4-3 (Groundball, 4, EV 101.3 MPH) Willie McGee to third
|
|
Batting: LHB Dave Parker
|
0-0: Ground out 4-3 (Groundball, 4, EV 105.0 MPH) Willie McGee scores
|
|
Batting: LHB Fred Lynn
|
0-0: Fly out, F9 (Flyball, 9D, EV 94.4 MPH)
|
| Bottom of the 5th over - 1 run, 0 hits, 0 errors, 0 left on base; Texas 1 - Baltimore 4 |
| TOP OF THE 6TH |
|
Texas Rangers batting - Pitching for Baltimore Orioles : LHP Dave LaRoche
|
|
Batting: LHB Lenny Dykstra
|
0-0: Called Strike 0-1: Ball 1-1: Foul Ball, location: 2F 1-2: Ball 2-2: Fly out, F8 (Flyball, 8RM, EV 88.8 MPH)
|
|
Batting: RHB Juan Samuel
|
0-0: Fly out, F9 (Flyball, 9, EV 90.6 MPH)
|
|
Batting: RHB Steve Garvey
|
0-0: Called Strike 0-1: Ball 1-1: Foul Ball, location: 2F 1-2: Ball 2-2: Ball 3-2: Foul Ball, location: 2F 3-2: Strikes out swinging
|
| Top of the 6th over - 0 runs, 0 hits, 0 errors, 0 left on base; Texas 1 - Baltimore 4 |
| BOTTOM OF THE 6TH |
|
Baltimore Orioles batting - Pitching for Texas Rangers : RHP Tim Leary
|
|
Batting: SHB Steve R Ontiveros
|
0-0: Foul Ball, location: 2F 0-1: Foul Ball, location: 2F 0-2: Ball 1-2: Foul Ball, location: 2F 1-2: Ball 2-2: Foul Ball, location: 2F 2-2: Fly out, F8 (Flyball, 8RD, EV 88.8 MPH)
|
|
Batting: SHB Mike Hart
|
0-0: Called Strike 0-1: Fly out, F9 (Flyball, 89M, EV 66.3 MPH)
|
|
Batting: RHB Matt Rice
|
0-0: Ball 1-0: Ground out 4-3 (Groundball, 4M, EV 87.5 MPH)
|
| Bottom of the 6th over - 0 runs, 0 hits, 0 errors, 0 left on base; Texas 1 - Baltimore 4 |
| TOP OF THE 7TH |
|
Texas Rangers batting - Pitching for Baltimore Orioles : LHP Dave LaRoche
|
|
Now in CF: Mark Brouhard
|
|
|
Batting: LHB Jody Helser
|
0-0: Called Strike 0-1: Ball 1-1: Swinging Strike 1-2: Fly out, F7 (Flyball, 7D, EV 103.8 MPH)
|
|
Pitching: RHP Dave J Schmidt
|
|
|
Batting: RHB Rich Dauer
|
0-0: Swinging Strike 0-1: Called Strike 0-2: Ball 1-2: Ball 2-2: Ball 3-2: Foul Ball, location: 2F 3-2: Foul Ball, location: 2F 3-2: Base on Balls
|
|
Batting: LHB Dallas Williams
|
0-0: Ball 1-0: Foul Ball, location: 2F 1-1: Foul Ball, location: 2F 1-2: Fielders Choice at 2nd, 3-6 (Groundball, 34, EV 106.3 MPH)
|
|
Batting: RHB Juan Rodriguez
|
0-0: Called Strike 0-1: Ball 1-1: Foul Ball, location: 2F 1-2: Ball 2-2: Foul Ball, location: 2F 2-2: Ball 3-2: Foul Ball, location: 2F 3-2: Ground out 6-3 (Groundball, 6, EV 103.8 MPH)
|
| Top of the 7th over - 0 runs, 0 hits, 0 errors, 1 left on base; Texas 1 - Baltimore 4 |
| BOTTOM OF THE 7TH |
|
Baltimore Orioles batting - Pitching for Texas Rangers : RHP Tim Leary
|
|
Batting: RHB Dennis Werth
|
0-0: Swinging Strike 0-1: Fly out, F4 (Flyball, 34D, EV 92.5 MPH)
|
|
Batting: RHB Garth Iorg
|
0-0: Ball 1-0: SINGLE (Groundball, 5D, EV 103.1 MPH)
|
|
Batting: SHB Willie McGee
|
0-0: Ball 1-0: Called Strike 1-1: Ball 2-1: TRIPLE (Flyball, 9D, EV 104.4 MPH) Garth Iorg scores
|
|
Pinch Hitting: SHB Mike Henderson
|
0-0: Ball 1-0: Called Strike 1-1: Ball 2-1: Called Strike 2-2: Strikes out swinging
|
|
Batting: RHB Mark Brouhard
|
0-0: Called Strike 0-1: Swinging Strike 0-2: Foul Ball, location: 2F 0-2: Strikes out swinging
|
| Bottom of the 7th over - 1 run, 2 hits, 0 errors, 1 left on base; Texas 1 - Baltimore 5 |
| TOP OF THE 8TH |
|
Texas Rangers batting - Pitching for Baltimore Orioles : RHP Dave J Schmidt
|
|
Now at 3B: Mike Henderson
|
|
|
Batting: LHB Ernie Whitt
|
0-0: Swinging Strike 0-1: Ball 1-1: Foul Ball, location: 2F 1-2: Ball 2-2: Foul Ball, location: 2F 2-2: Fly out, F6 (Flyball, 6D, EV 91.3 MPH)
|
|
Pinch Hitting: SHB Mitch Webster
|
0-0: SINGLE (Groundball, 56, EV 100.6 MPH) (infield hit)
|
|
Batting: RHB Steve Balboni
|
0-0: Ball 1-0: Called Strike 1-1: SINGLE (Line Drive, 8RS, EV 101.9 MPH) Mitch Webster to second Runner from 2nd tries for 3rd, OUT! 8-5
|
|
Pinch Hitting: RHB Gomez Barahona
|
0-0: Called Strike 0-1: Ball 1-1: Swinging Strike 1-2: Ground out 2-3 (Groundball, 2L, EV 73.8 MPH)
|
| Top of the 8th over - 0 runs, 2 hits, 0 errors, 1 left on base; Texas 1 - Baltimore 5 |
| BOTTOM OF THE 8TH |
|
Baltimore Orioles batting - Pitching for Texas Rangers : RHP Tim Leary
|
|
Now at 3B: Gomez Barahona
|
|
|
Now in LF: Mitch Webster
|
|
|
Batting: SHB Jordan Ayala
|
0-0: Ball 1-0: Fly out, F4 (Line Drive, 4, EV 75.6 MPH)
|
|
Pinch Hitting: LHB Mario Delgado
|
0-0: DOUBLE (Line Drive, 89M, EV 97.5 MPH)
|
|
Pinch Hitting: RHB Dwight Evans
|
0-0: Ball 1-0: Ball 2-0: Called Strike 2-1: Fly out, F9 (Flyball, 9, EV 74.4 MPH)
|
|
Pinch Hitting: LHB Garcia Gutierrez
|
0-0: Called Strike 0-1: Ball 1-1: DOUBLE (Line Drive, 7LS, EV 104.4 MPH) Mario Delgado scores
|
|
Batting: RHB Dennis Werth
|
0-0: Ball 1-0: Ground out 6-3 (Groundball, 6, EV 110.6 MPH)
|
| Bottom of the 8th over - 1 run, 2 hits, 0 errors, 1 left on base; Texas 1 - Baltimore 6 |
| TOP OF THE 9TH |
|
Texas Rangers batting - Pitching for Baltimore Orioles : RHP Dave J Schmidt
|
|
Now at 1B: Dwight Evans
|
|
|
Now at SS: Garcia Gutierrez
|
|
|
Now in LF: Mario Delgado
|
|
|
Pinch Hitting: RHB George Bjorkman
|
0-0: Ball 1-0: Ball 2-0: Ball 3-0: Called Strike 3-1: Called Strike 3-2: Strikes out looking
|
|
Pinch Hitting: RHB Kirby Puckett
|
0-0: Swinging Strike 0-1: Fly out, F5 (Flyball, 5D, EV 92.5 MPH)
|
|
Pinch Hitting: RHB Steve Lombardozzi
|
0-0: Called Strike 0-1: Ground out 5-3 (Groundball, 56S, EV 74.4 MPH)
|
| Top of the 9th over - 0 runs, 0 hits, 0 errors, 0 left on base; Texas 1 - Baltimore 6 |
|